 Dungeon Sprint DCSS version 0.28.0-47-ge53b351184 (webtiles) character file.

Game seed: 1392877441229889968

273 boopmooplesden the Cleaver (level 6, -5/66 HPs)
             Began as a Minotaur Berserker on May 8, 2022.
             Was a Priest of Trog.
             Slain by an ice devil (20 damage)
             ... summoned by a kobold demonologist
             ... in the Dungeon (Sprint III: "The Ten Rune Challenge").
             The game lasted 00:01:34 (317 turns).

boopmooplesden the Cleaver (Minotaur Berserker)      Turns: 317, Time: 00:01:36

Health: -5/66      AC:  2    Str: 21    XL:     6   Next: 3%
Magic:  5/5        EV: 13    Int:  4    God:    Trog [***...]
Gold:   14         SH:  0    Dex: 12    Spells: 5/5 levels left

rFire   . . .      SeeInvis .   a - +0 hand axe
rCold   . . .      Faith    .   (no shield)
rNeg    . . .      Spirit   .   b - +0 animal skin
rPois   .          Reflect  .   (helmet restricted)
rElec   .          Harm     .   (no cloak)
rCorr   .          Rampage  .   (no gloves)
Will    ++...      NoTele   +   (no boots)
Stlth   +.........              (no amulet)
HPRegen 1.21/turn               (no ring)
MPRegen 0.09/turn               (no ring)

@: strong-willed, on berserk cooldown, regenerating, slowed, very slow
A: horns 2, retaliatory headbutt
a: Renounce Religion, Berserk, Trog's Hand


You were in the Dungeon.
You worshipped Trog.
Trog was most pleased with you.
You visited 1 branch You collected 14 gold pieces.

Inventory:

Hand Weapons
 a - a +0 hand axe (weapon)
Armour
 b - a +0 animal skin (worn)
Wands
 l - a wand of acid (12)
Scrolls
 h - a scroll of blinking
 k - 2 scrolls of torment
Potions
 c - 2 potions of curing
 e - a potion of haste
 f - 2 potions of magic
 g - a potion of berserk rage
 i - a potion of cancellation
 j - 3 potions of mutation
 m - 3 potions of flight


   Skills:
 + Level 9.8 Fighting
 + Level 10.3 Axes
 + Level 5.3 Armour
 + Level 5.0 Dodging
 + Level 0.2 Stealth


You had 5 spell levels left.
You didn't know any spells.
Your spell library was empty.

Dungeon Overview and Level Annotations

Branches:
Dungeon (1/1)

Altars:
Dithmenos
Kikubaaqudgha
Ru
Sif Muna
Vehumet
Yredelemnul


Innate Abilities, Weirdness & Mutations

You have a pair of horns on your head.
You reflexively headbutt those who attack you in melee.


Message History

You have reached level 6!
You barely miss the kobold demonologist.
You hit the ice devil but do no damage. The kobold demonologist misses you.
The ice devil hits you! The ice devil freezes you!
You hit the kobold demonologist.
Your headbutt misses the kobold demonologist.
The kobold demonologist is moderately wounded.
You hit the ice devil but do no damage.
The kobold demonologist hits you with a +0 dagger.
The ice devil misses you. You furiously retaliate!
You headbutt the ice devil!
You closely miss the kobold demonologist.
Your headbutt misses the kobold demonologist.
The kobold demonologist is moderately wounded.
You hit the ice devil but do no damage.
The kobold demonologist mumbles some strange words.
The ice devil hits you. The ice devil freezes you!
* * * LOW HITPOINT WARNING * * *
The kobold demonologist looks satisfied for a moment.
You hit the kobold demonologist.
Your headbutt misses the kobold demonologist.
The kobold demonologist is heavily wounded.
You hit the ice devil but do no damage. The ice devil closely misses you.
The kobold demonologist hits you with a +0 dagger.
* * * LOW HITPOINT WARNING * * *
The ice devil hits you.
* * * LOW HITPOINT WARNING * * *
The ice devil freezes you!
* * * LOW HITPOINT WARNING * * *
Your skin crawls.
You feel strong-willed.
You can no longer call in reinforcements.
The kobold demonologist barely misses you.
The ice devil misses you.
You feel much better.
The kobold demonologist closely misses you.
The ice devil closely misses you. The kobold demonologist misses you.
The ice devil hits you!
* * * LOW HITPOINT WARNING * * *
The ice devil freezes you!!
You die...

.#......#####..# #__#
##.......#..#..# #._#
.##.##...#..#..###+#+###)##
.##.###..##'#..#..........#
####.##..###...'.⌠........#
##..##..####...#...######+#
....##..###....#.⌠.#
#..##...##.....#...#
..##....#†.....#@###
.###..##.#.....#K4$# . #..
####....#55_# ▓ ▓▓▓
▓▓▓▓▓▓▓▓▓▓


You could see an ice devil (summoned), a kobold demonologist, a quasit
(summoned) and a crimson imp (summoned).

Vanquished Creatures
  A necrophage (D)
  A scorpion (D)
  A water elemental (D)
  A wizard (D)
  A necromancer (D)
  A human (D)
  An endoplasm (D)
  3 rats (D)
10 creatures vanquished.

Notes
Turn   | Place    | Note
-------+----------+-------------------------------------------
     0 | D        | boopmooplesden the Minotaur Berserker began the quest for
                  | the Orb.
     0 | D        | Reached XP level 1. HP: 19/19 MP: 0/0
    11 | D        | Reached skill level 4 in Axes
    28 | D        | Reached ** piety under Trog
    56 | D        | Noticed a scorpion
    61 | D        | Killed a scorpion
    62 | D        | Reached skill level 6 in Axes
    62 | D        | Reached XP level 2. HP: 31/31 MP: 1/1
    62 | D        | Reached XP level 3. HP: 38/38 MP: 2/2
    68 | D        | Reached skill level 7 in Axes
    68 | D        | Reached XP level 4. HP: 34/47 MP: 3/3
    94 | D        | Noticed a water elemental
    98 | D        | Killed a water elemental
    99 | D        | Reached skill level 8 in Axes
   284 | D        | Found a basalt altar of Yredelemnul.
   284 | D        | Found a shadowy altar of Dithmenos.
   284 | D        | Found a sacrificial altar of Ru.
   284 | D        | Noticed a necrophage
   288 | D        | Reached *** piety under Trog
   289 | D        | Reached XP level 5. HP: 56/56 MP: 4/4
   291 | D        | Killed a necrophage
   292 | D        | Reached skill level 10 in Axes
   292 | D        | Reached skill level 5 in Armour
   307 | D        | Found a radiant altar of Vehumet.
   307 | D        | Found a shimmering blue altar of Sif Muna.
   307 | D        | Found an ancient bone altar of Kikubaaqudgha.
   310 | D        | Noticed an ice devil
   311 | D        | Reached **** piety under Trog
   312 | D        | Reached skill level 5 in Dodging
   312 | D        | Reached XP level 6. HP: 60/66 MP: 5/5
   317 | D        | Slain by an ice devil

Illustrated notes

Levels and vault maps discovered:
D:        dungeon_sprint_mu [sprint_mu_entry_cave, sprint_mu_temple_rooms,
          sprint_mu_d1_horrors, sprint_mu_d2_genie, sprint_mu_d3_branching,
          sprint_mu_orc_legion, sprint_mu_elf_gauntlet, sprint_mu_hive_nellie,
          sprint_mu_lair_fedhas, sprint_mu_vaults_butterflies,
          sprint_mu_slime_circle, sprint_mu_swamp_cave, sprint_mu_shoals_archi,
          sprint_mu_blade_basic, sprint_mu_crypt_lich, sprint_mu_tomb_spiral,
          sprint_mu_vestibule_basic, sprint_mu_gehenna_hellfire,
          sprint_mu_dis_giant, sprint_mu_tartarus_statrot,
          sprint_mu_cocytus_islands, sprint_mu_zot1]

Skill      XL: |  1  2  3  4  5 |
---------------+----------------+-----
Fighting       | 6 7 8 9 |  9.8
Axes           | 6 7 8 10 | 10.3
Armour         | 3 4 5 |  5.3
Dodging        | 3 4 5 |  5.0
Stealth        | |  0.2

Action                   |  1- 3 |  4- 6 || total
-------------------------+-------+-------++-------
Melee: Hand axe          |    13 |    16 ||    29
       Headbutt          |     4 |     6 ||    10
Invok: Berserk           |     1 |     2 ||     3
       Trog's Hand       |       |     1 ||     1
  Use: Scroll            |       |     3 ||     3
       Potion            |       |     1 ||     1
Armor: Animal skin       |     1 |       ||     1
Dodge: Dodged            |     2 |    12 ||    14
